Map: Odyssey LE

Players

ShoWTimE

  • Race: Protoss Protoss
  • League: Grandmaster
  • Spawn Location: 5:00

Stats - Winner!

  • Race: Protoss Protoss
  • League: Master
  • Spawn Location: 11:00

Event: HomeStory Cup XVI

VOD

Have the link to the VOD?

Description

Time

  • Played on: Nov. 11, 2017, 6:36 a.m.
  • Length: 5:58

All games in this series

Show
View Real Time Build Order
Export as new Build Order

ShoWTimE Protoss 

Build Orders:  

Get SALT Encoding   

  1  0:00  Probe (Chrono Boost)  
  12  0:04  Probe (Chrono Boost)  
  14  0:18  Pylon  
  15  0:23  Probe (Chrono Boost)  
  15  0:36  Gateway  
  15  0:38  Probe (Chrono Boost)  
  15  0:42  Assimilator  
  17  0:50  Probe (Chrono Boost)  
  17  0:51  Assimilator  
  17  1:00  Probe (Chrono Boost)  
  18  1:04  Gateway  
  18  1:06  Probe (Chrono Boost)  
  19  1:16  Probe (Chrono Boost)  
  20  1:23  Cybernetics Core  
  20  1:28  Probe (Chrono Boost)  
  20  1:32  Pylon  
  22  1:40  Probe (Chrono Boost)  
  22  1:52  Probe (Chrono Boost)  
  23  2:01  Stalker x2  
  25  2:02  Warp Gate  
  27  2:14  Robotics Facility  
  27  2:22  Pylon  
  27  2:34  Sentry  
  29  2:44  Nexus  
  29  2:50  Pylon  
  29  2:58  Immortal  
  29  3:10  Sentry  
  35  3:16  Pylon  
  35  3:27  Warp Prism  
  31  3:44  Shield Battery  
  31  3:54  Probe (Chrono Boost)  
  32  3:58  Gateway  
  29  4:06  Stalker x2, Probe (Chrono Boost)  
  35  4:18  Probe (Chrono Boost)  
  35  4:25  Pylon  
  35  4:32  Stalker  
  35  4:34  Sentry  
  39  4:57  Stalker x2  
  43  5:02  Adept  
  35  5:31  Stalker x2  
  35  5:32  Adept  
Show
View Real Time Build Order
Export as new Build Order

Stats Protoss - Winner!

Build Orders: Oracle Opening 

Get SALT Encoding   

  12  0:02  Probe (Chrono Boost)  
  14  0:14  Probe (Chrono Boost)  
  14  0:17  Pylon  
  14  0:26  Probe (Chrono Boost)  
  15  0:32  Probe (Chrono Boost)  
  15  0:40  Gateway, Probe (Chrono Boost)  
  17  0:46  Assimilator  
  17  0:53  Probe (Chrono Boost)  
  17  0:55  Assimilator  
  18  1:00  Probe (Chrono Boost)  
  19  1:07  Probe (Chrono Boost)  
  20  1:14  Gateway  
  21  1:19  Probe (Chrono Boost)  
  21  1:28  Cybernetics Core  
  21  1:31  Probe (Chrono Boost)  
  22  1:35  Pylon  
  22  1:43  Probe (Chrono Boost)  
  23  1:52  Pylon  
  24  1:55  Probe (Chrono Boost)  
  24  2:05  Stalker, Warp Gate  
  26  2:11  Stargate  
  26  2:18  Stalker  
  28  2:41  Oracle  
  28  2:46  Nexus  
  32  3:06  Probe (Chrono Boost)  
  32  3:11  Oracle  
  32  3:15  Pylon  
  36  3:20  Probe (Chrono Boost)  
  36  3:24  Shield Battery  
  36  3:32  Probe (Chrono Boost)  
  37  3:37  Gateway  
  37  3:44  Probe (Chrono Boost)  
  38  3:51  Twilight Council  
  39  3:56  Probe (Chrono Boost)  
  39  4:02  Probe (Chrono Boost)  
  40  4:08  Probe (Chrono Boost)  
  41  4:12  Stalker  
  41  4:14  Stalker  
  47  4:24  Pylon  
  47  4:31  Stalker x2  
  49  4:34  Stalker  
  51  4:40  Shield Battery  
  51  4:41  Pylon  
  51  4:44  Shield Battery  
  51  4:58  Stalker x2  
  55  5:03  Stalker  
  45  5:26  Stalker x2  
  45  5:27  Stalker  
  37  5:48  Stalker  
  37  5:49  Stalker  
  37  5:50  Stalker  
Tags
 
Add a new tag
Caveats
  • Supply blocks, unpowered buildings, or Contaminate may cause inaccurate times.
  • Supply counts are checked every 10 seconds.